 Dungeon Crawl Stone Soup version 0.31.0-12-g77e489cdc1 (webtiles) character file.

Game seed: 14532196873504314038

112 Doomgape the Trooper (level 4, -3/30 HPs)
             Began as a Gargoyle Fighter on Mar 7, 2024.
             Slain by CapUranus's ghost (9 damage)
             ... on level 3 of the Dungeon.
             The game lasted 00:04:45 (2115 turns).

Doomgape the Trooper (Gargoyle Fighter)             Turns: 2115, Time: 00:04:46

Health: -3/30      AC: 10    Str: 22    XL:     4   Next: 93%
Magic:  4/4        EV:  9    Int:  8    God:
Gold:   738        SH:  4    Dex:  9    Spells: 3/3 levels left

rFire   . . .        f - +0 mace (venom)
rCold   . . .        b - +0 buckler
rNeg    + . .        a - +0 scale mail
rPois   ∞            (no helmet)
rElec   +            (no cloak)
rCorr   .            (no gloves)
SInv    .            (no boots)
Will    .....        (no amulet) Stlth
                     (no ring)
HPRegen 0.25/turn    (no ring)
MPRegen 0.09/turn

%: no passive effects
@: mighty
A: sickness immunity, AC +3, negative energy resistance 1, electricity
resistance, torment resistance 1, petrification resistance
a: no special abilities


You were on level 3 of the Dungeon.
You visited 1 branch of the dungeon, and saw 3 of its levels.

You collected 738 gold pieces.

Inventory:

Hand Weapons
 f - a +0 mace of venom (weapon)
 k - a +0 flail
Armour
 a - a +0 scale mail (worn)
 b - a +0 buckler (worn)
Scrolls
 e - 2 scrolls of vulnerability
 i - 2 scrolls of teleportation {unknown}
 j - 2 scrolls of identify {unknown}
 m - a scroll of blinking {unknown}
 n - a scroll of immolation {unknown}
Potions
 d - 2 potions of curing
 h - a potion of attraction {unknown}
 l - a potion of heal wounds {unknown}


   Skills:
 + Level 4.4 Fighting
 + Level 1.7 Maces & Flails
 + Level 4.3 Armour
 - Level 3.2 Shields
 - Level 2.4 Unarmed Combat


You had 3 spell levels left.
You didn't know any spells.
Your spell library contained the following spells:

 Spells                   Type           Power      Damage    Failure   Level
 Shock                    Conj/Air       0%         1d3       80%         1
 Blink                    Tloc           0%         N/A       90%         2
 Lesser Beckoning         Tloc           0%         N/A       90%         2
 Momentum Strike          Conj/Tloc      0%         3d8       90%         2
 Swiftness                Air            0%         N/A       99%         3
 Airstrike                Air            0%         2d(0-16)  100%        4


Dungeon Overview and Level Annotations

Branches:
Dungeon (3/15)

Altars:
Cheibriados

Annotations:
D:3 CapUranus's ghost, amateur HOFi


Innate Abilities, Weirdness & Mutations

You are immune to sickness and miasma.
Your stone body is resilient. (AC +3)
You are immune to poison.
You resist negative energy. (rN+)
You are resistant to electric shocks. (rElec)
You are resistant to unholy torment.
You are immune to petrification.


Message History

You completely miss CapUranus's ghost. CapUranus's ghost barely misses you.
CapUranus's ghost hits you.
You hit CapUranus's ghost but do no damage.
CapUranus's ghost hits you!
You hit CapUranus's ghost but do no damage.
CapUranus's ghost hits you.
You completely miss CapUranus's ghost.
CapUranus's ghost mumbles, "They all look like pillowcases to me..."
You block CapUranus's ghost's attack. x2
You hit CapUranus's ghost but do no damage.
You block CapUranus's ghost's attack.
You thump CapUranus's ghost!
CapUranus's ghost is moderately damaged.
CapUranus's ghost hits you but does no damage.
You barely miss CapUranus's ghost.
CapUranus's ghost is moderately damaged.
CapUranus's ghost hits you but does no damage.
CapUranus's ghost hits you.
You hit CapUranus's ghost but do no damage.
CapUranus's ghost is moderately damaged.
CapUranus's ghost hits you!
* * * LOW HITPOINT WARNING * * *
You closely miss CapUranus's ghost.
CapUranus's ghost is moderately damaged.
You block CapUranus's ghost's attack. CapUranus's ghost barely misses you.
Unknown command.
It was a potion of curing.
You feel better. CapUranus's ghost hits you.
You feel better. You block CapUranus's ghost's attack.
You barely miss CapUranus's ghost.
CapUranus's ghost is moderately damaged.
CapUranus's ghost hits you!
You hit CapUranus's ghost but do no damage.
CapUranus's ghost is moderately damaged.
You feel your willpower return. CapUranus's ghost hits you!
* * * LOW HITPOINT WARNING * * *
You sock CapUranus's ghost!
CapUranus's ghost is heavily damaged.
CapUranus's ghost closely misses you. CapUranus's ghost hits you!
You die...

#.###.....##.# #............. #.#
##...###.# #..########### #.#
##.## #.# #..'~~~~)~ ## #.# #.#
#.# #.S####### #. #.# #.# #.#
#...##...# #. ###.# #.# #.#
##.###.######. ....# #.# #.#
#...>........ ##### #.#
#.#######.....#####.
#.####.<@WS.....#### #.
#...##########.## #.
#########.......<......##### #.
..........#.#####....<.....# #.
###########.# #..........# #. #.#
#..........# ## #.# #..........#
###########.#####..).......######
................................#


You could see CapUranus's ghost and an adder.

Vanquished Creatures
  5 adders
  A ribbon worm (D:3)
  A dart slug (D:1)
  6 ball pythons
  8 endoplasms
  3 giant cockroaches
  2 goblins
  7 hobgoblins
  5 jackals
  3 quokkas (D:3)
  2 bats
  4 frilled lizards
  5 kobolds
  6 rats
58 creatures vanquished.

Notes
Turn   | Place    | Note
-------+----------+-------------------------------------------
     0 | D:1      | Doomgape the Gargoyle Fighter began the quest for the Orb.
     0 | D:1      | Reached XP level 1. HP: 14/14 MP: 1/1
   101 | D:1      | You fall into a shaft and drop 1 floor!
   176 | D:1      | Reached XP level 2. HP: 13/19 MP: 2/2
   383 | D:1      | Reached XP level 3. HP: 16/24 MP: 3/3
   877 | D:2      | Found a faded altar of an unknown god.
  1025 | D:2      | Reached skill level 1 in Maces & Flails
  1171 | D:2      | Reached XP level 4. HP: 29/29 MP: 4/4
  1701 | D:3      | Found a runed translucent door.
  1705 | D:3      | Noticed CapUranus's ghost (amateur HOFi)
  1795 | D:3      | Found a snail-covered altar of Cheibriados.
  2085 | D:3      | Identified a scroll of acquirement
  2085 | D:3      | Acquired 632 gold pieces
  2115 | D:3      | Slain by CapUranus's ghost

Illustrated notes

Levels and vault maps discovered:
D:1:      lightli_arrival_farm, layout_loops_ring, kennysheep_crisscross
D:2:      layout_loops_ring, shapermc_ecumenical_altar_ellora,
          palyth_stone_intersect
D:3:      layout_loops_ring, mainiacjoe_overflow_alcove_1, ebering_ghost_sewer_d

Skill      XL: |  1  2  3 |
---------------+----------+-----
Maces & Flails | 1 |  1.7
Fighting       | 4 |  4.4
Armour         | 4 |  4.3
Shields        | |  3.2
Unarmed Combat | |  2.4

Action                     |  1- 3 |  4- 6 || total
---------------------------+-------+-------++-------
  Melee: Unarmed           |    57 |       ||    57
         Mace              |    63 |    77 ||   140
    Use: Potion            |       |     3 ||     3
         Scroll            |       |     2 ||     2
 Armour: Scale mail        |    87 |    59 ||   146
  Dodge: Dodged            |    66 |    46 ||   112
  Block: Buckler           |    23 |    24 ||    47
